 Dungeon Crawl Stone Soup version 0.21-a0-444-g29a2fec (webtiles) character file.

106 namelastname112 the Sneak (level 4, 0/38 HPs)
             Began as a Gnoll Assassin on Nov 17, 2017.
             Slain by Sigmund
             ... wielding a +0 scythe
              (7 damage)
             ... on level 2 of the Dungeon.
             The game lasted 00:02:20 (951 turns).

namelastname112 the Sneak (Gnoll Assassin)           Turns: 951, Time: 00:02:21

Health: 0/38       AC:  4    Str: 13    XL:     4   Next: 84%
Magic:  5/5        EV: 13    Int: 14    God:
Gold:   51         SH:  0    Dex: 17    Spells: 5/5 levels left

rFire    . . .     SeeInvis .   i - +0 dagger (elec)
rCold    . . .     Gourm    .   (no shield)
rNeg     . . .     Faith    .   c - +0 robe
rPois    .         Spirit   .   n - +0 helmet
rElec    .         Reflect  .   d - +0 cloak
rCorr    .         Harm     .   (no gloves)
MR       .....                  (no boots)
Stlth    ++........             q - amulet of regeneration
HPRegen  0.52/turn              (no ring)
MPRegen  0.09/turn              (no ring)

@: confused, flying, hasted, very quick
A: distributed training, fangs 1, strong nose
a: no special abilities


You were on level 2 of the Dungeon.
You were not hungry.

You visited 1 branch of the dungeon, and saw 2 of its levels.

You collected 51 gold pieces.

Inventory:

Hand Weapons
 b - a +0 blowgun
 i - a +0 dagger of electrocution (weapon)
Missiles
 e - 15 poisoned needles
Armour
 c - a +0 robe (worn)
 d - a +0 cloak (worn)
 n - a +0 helmet (worn)
Jewellery
 l - an uncursed amulet of the gourmand
 q - an amulet of regeneration (around neck)
Scrolls
 j - a scroll of recharging {unknown}
 p - a scroll of magic mapping {unknown}
 s - 3 scrolls of identify {unknown}
 t - a scroll of random uselessness {unknown}
 u - a scroll of amnesia {unknown}
Potions
 a - a potion of magic
 h - a potion of flight
 m - a potion of heal wounds {unknown}
Comestibles
 g - 2 bread rations
 o - 6 chunks of flesh
 r - a royal jelly


   Skills:
 + Level 4.7 Fighting
 + Level 4.7 Short Blades
 + Level 1.2 Long Blades
 + Level 1.2 Axes
 + Level 1.2 Maces & Flails
 + Level 1.2 Polearms
 + Level 1.2 Staves
 + Level 1.2 Slings
 + Level 1.2 Bows
 + Level 1.2 Crossbows
 + Level 4.7 Throwing
 + Level 1.2 Armour
 + Level 2.8 Dodging
 + Level 7.8 Stealth
 + Level 1.2 Shields
 + Level 1.2 Unarmed Combat
 + Level 1.2 Spellcasting
 + Level 1.0 Conjurations
 + Level 1.0 Hexes
 + Level 1.0 Charms
 + Level 1.0 Summonings
 + Level 1.0 Necromancy
 + Level 1.0 Translocations
 + Level 1.0 Transmutations
 + Level 1.0 Fire Magic
 + Level 1.0 Ice Magic
 + Level 1.0 Air Magic
 + Level 1.0 Earth Magic
 + Level 1.0 Poison Magic
 + Level 1.3 Invocations
 + Level 1.2 Evocations


You had 5 spell levels left.
You didn't know any spells.

Dungeon Overview and Level Annotations

Branches:
Dungeon (2/15)

Altars:
Ashenzari

Annotations:
D:2 Sigmund


Innate Abilities, Weirdness & Mutations

Your experience applies equally to all skills.
You have very sharp teeth.
Your uncanny sense of smell can sniff out nearby items.


Message History

Sigmund is heavily wounded.
You closely miss Sigmund.
Sigmund is severely wounded.
Sigmund casts a spell.
Sigmund flickers and vanishes!
Deactivating autopickup; reactivate with Ctrl-A.
You closely miss something.
You hear some strange, mumbled words.
You are confused.
You bump into the rock wall.
Something hits you!
You take 13 damage, and have 15/38 hp.
MASSIVE DAMAGE!!
You miss something.
It was a potion of magic.
Magic courses through your body. Something hits you!
* * * LOW HITPOINT WARNING * * *
You take 10 damage, and have 6/38 hp.
MASSIVE DAMAGE!!
It was a potion of flight.
You feel very buoyant.
You fly up into the air.
It was a potion of haste.
You feel yourself speed up. Something hits you!
You die...

#..##g#####).
#.÷##g..#()))
#..###..#)##. # #..#
#....### #. #..#
#.###### ##.. #..###.#
##. #.... #......####..
......#######...≈≈...≈≈.
.(...({@..).....≈.≈.....
....##.######....≈≈≈≈≈≈≈
# #. ###.#≈.≈≈≈≈≈≈≈ #.
#....≈≈)≈≈≈≈≈≈ #.
#......≈≈≈≈♣≈≈ #.
#.#....≈≈≈._.≈ #.
#......≈≈≈.♣.≈ ..
#......≈≈≈≈≈≈≈
##.##..≈≈≈≈≈≈≈


There were no monsters in sight!

Vanquished Creatures
  Jessica (D:2)
  Robin (D:2)
  An adder (D:2)
  A dart slug (D:1)
  2 giant cockroaches (D:1)
  6 hobgoblins
  11 jackals
  5 kobolds
  A ball python (D:1)
  3 bats (D:1)
  5 frilled lizards (D:1)
  13 goblins
  4 rats (D:1)
54 creatures vanquished.

Notes
Turn   | Place    | Note
-------+----------+-------------------------------------------
     0 | D:1      | namelastname112 the Gnoll Assassin began the quest for the Orb.
     0 | D:1      | Reached XP level 1. HP: 20/20 MP: 1/1
    85 | D:1      | Found a shattered altar of Ashenzari.
    86 | D:1      | Reached XP level 2. HP: 26/26 MP: 2/2
   276 | D:1      | Reached XP level 3. HP: 26/31 MP: 3/3
   436 | D:2      | Found a faded altar of an unknown god.
   450 | D:2      | Reached skill level 1 in Invocations
   486 | D:2      | Noticed Jessica
   503 | D:2      | Killed Jessica
   503 | D:2      | Reached skill level 1 in Long Blades
   503 | D:2      | Reached skill level 1 in Axes
   503 | D:2      | Reached skill level 1 in Maces & Flails
   503 | D:2      | Reached skill level 1 in Polearms
   503 | D:2      | Reached skill level 1 in Staves
   503 | D:2      | Reached skill level 1 in Slings
   503 | D:2      | Reached skill level 1 in Bows
   503 | D:2      | Reached skill level 1 in Crossbows
   503 | D:2      | Reached skill level 1 in Armour
   503 | D:2      | Reached skill level 1 in Shields
   503 | D:2      | Reached skill level 1 in Unarmed Combat
   503 | D:2      | Reached skill level 1 in Spellcasting
   503 | D:2      | Reached skill level 1 in Evocations
   503 | D:2      | Reached XP level 4. HP: 38/38 MP: 5/5
   600 | D:2      | Noticed Robin
   606 | D:2      | Noticed Sigmund
   770 | D:2      | Killed Robin
   770 | D:2      | Reached skill level 1 in Conjurations
   770 | D:2      | Reached skill level 1 in Hexes
   770 | D:2      | Reached skill level 1 in Charms
   770 | D:2      | Reached skill level 1 in Summonings
   770 | D:2      | Reached skill level 1 in Necromancy
   770 | D:2      | Reached skill level 1 in Translocations
   770 | D:2      | Reached skill level 1 in Transmutations
   770 | D:2      | Reached skill level 1 in Fire Magic
   770 | D:2      | Reached skill level 1 in Ice Magic
   770 | D:2      | Reached skill level 1 in Air Magic
   770 | D:2      | Reached skill level 1 in Earth Magic
   770 | D:2      | Reached skill level 1 in Poison Magic
   951 | D:2      | Slain by Sigmund

Vault maps used:
D:1:      lemuel_arrival_cross, hangedman_decor_clover_reticule,
          ashenzari_altar_1
D:2:      chequers_ecumenical_altar_island, uniq_sigmund, uniq_robin,
          uniq_jessica

Skill      XL: |  1  2  3  4 |
---------------+-------------+-----
Invocations    | 1 |  1.3
Long Blades    | 1 |  1.2
Axes           | 1 |  1.2
Maces & Flails | 1 |  1.2
Polearms       | 1 |  1.2
Staves         | 1 |  1.2
Slings         | 1 |  1.2
Bows           | 1 |  1.2
Crossbows      | 1 |  1.2
Armour         | 1 |  1.2
Shields        | 1 |  1.2
Unarmed Combat | 1 |  1.2
Spellcasting   | 1 |  1.2
Evocations     | 1 |  1.2
Conjurations   | 1 |  1.0
Hexes          | 1 |  1.0
Charms         | 1 |  1.0
Summonings     | 1 |  1.0
Necromancy     | 1 |  1.0
Translocations | 1 |  1.0
Transmutations | 1 |  1.0
Fire Magic     | 1 |  1.0
Ice Magic      | 1 |  1.0
Air Magic      | 1 |  1.0
Earth Magic    | 1 |  1.0
Poison Magic   | 1 |  1.0
Fighting       | |  4.7
Short Blades   | |  4.7
Throwing       | |  4.7
Dodging        | |  2.8
Stealth        | |  7.8

Action                   |  1- 3 |  4- 6 || total
-------------------------+-------+-------++-------
Melee: Dagger            |    71 |    70 ||   141
       Bite              |     2 |     5 ||     7
 Fire: Blowgun           |       |     9 ||     9
  Use: Potion            |       |     3 ||     3
 Stab: Sleeping          |    13 |     1 ||    14
Armor: Robe              |    11 |    20 ||    31
Dodge: Dodged            |    45 |    38 ||    83

Table legend:
 A = Spawn XP
 B = Non-spawn XP
 C = Spawn XP percentage of total XP
 D = Spawn monster count
 E = Non-spawn monster count
 F = Spawn count percentage of total count
 G = Total turns spent on level
                    A         B        C        D         E        F      G
               +---------+---------+-------+---------+---------+-------+---------
         Total |       0 |     152 |   0.0 |       0 |      54 |   0.0 |   951
               +---------+---------+-------+---------+---------+-------+---------
           D:1 |       0 |      41 |   0.0 |       0 |      27 |   0.0 |   435
           D:2 |       0 |     111 |   0.0 |       0 |      27 |   0.0 |   516
               +---------+---------+-------+---------+---------+-------+---------
